 Dungeon Crawl Stone Soup version 0.14-a0-2359-g1e808ab (webtiles) character file.

189880 4tharraofdagon the Scorcher (level 18, -11/75 HPs)
             Began as a Vine Stalker Fire Elementalist on Jan 31, 2014.
             Was the Champion of Vehumet.
             Hit by a large rock thrown by a stone giant (14 damage)
             ... on Level 3 of the Depths.
             The game lasted 03:09:20 (16109 turns).

4tharraofdagon the Scorcher (VSFE)                 Turns: 16109, Time: 03:09:20

HP -11/75        AC  6     Str 14      XL: 18   Next: 48%
MP   0/39        EV 12     Int 20      God: Vehumet [******]
Gold 3390        SH 10     Dex 13      Spells: 10 memorised,  7 levels left

rFire  + . .     SeeInvis .     u - staff of energy
rCold  . . .     Clarity  .     N - +1 elf robe {rC+}
rNeg   . . .     Conserve .     g - +0 elf buckler
rPois  .         rCorr    +     (no helmet)
rElec  .         rRot     +     V - +0 dwarf cloak
SustAb . .       Spirit   +     h - +0 pair of gloves
rMut   .         Warding  .     X - +0 pair of boots
Saprov . . .     Rnd*Tele +     j - amulet of resist corrosion
MR     ++...                    e - ring of teleportation
                                i - ring of fire

@: burdened, repel missiles, about to teleport, studying Necromancy, very
slightly contaminated, hasted, delayed fireball, very quick, very resistant to
hostile enchantments, unstealthy
A: fangs 3, clumsy 1, frail 1, regeneration 3, spit poison 1, magic shield,
antimagic bite, no device heal
a: Spit Poison, Renounce Religion, Release Delayed Fireball, Evoke Teleportation


You were on level 3 of the Depths.
You worshipped Vehumet.
Vehumet was exalted by your worship.
You were encumbered.
You were hungry.

You visited 6 branches of the dungeon, and saw 36 of its levels.
You also visited: Ice Cave.

You collected 3682 gold pieces.
You spent 292 gold pieces at shops.

Inventory:

Hand weapons
 B - a +0 blowgun
Missiles
 L - 14 curare-tipped needles
Armour
 d - a +2 troll leather armour
 g - a +0 elven buckler (worn)
 h - a +0 pair of gloves (worn)
 N - a +1 elven robe of cold resistance (worn)
 V - a +0 dwarven cloak (worn)
 X - a +0 pair of boots (worn)
Magical devices
 t - a wand of frost (6)
 v - a wand of confusion (17)
 S - a wand of digging (3)
Comestibles
 c - 5 bread rations
 p - 12 meat rations
 D - 5 chunks of ettin flesh
Scrolls
 b - a scroll of summoning
 f - 3 scrolls of remove curse
 k - 6 scrolls of fog
 n - 5 scrolls of teleportation
Jewellery
 e - a ring of teleportation (right hand)
 i - a ring of fire (left hand)
 j - an amulet of resist corrosion (around neck)
 q - a +4 ring of intelligence
 s - an uncursed ring of protection from magic {unknown}
 C - an uncursed ring of see invisible {unknown}
 E - the ring of Bishoar {Hunger Int+3}
   (You found it on level 4 of the Dungeon)

   [ring of hunger]

   It affects your intelligence (+3).
 F - an uncursed ring of fire
 Q - an uncursed ring of wizardry
 U - an uncursed ring of protection from fire {unknown}
 W - an uncursed amulet of stasis
 Z - an uncursed ring of protection from cold
Potions
 l - a potion of speed
 r - a potion of resistance
 w - 6 potions of curing
 x - a potion of brilliance
 G - 3 potions of flight
 J - 3 potions of restore abilities
 M - a potion of lignification
 Y - a potion of magic
Books
 a - a manual of Necromancy
 K - a book of Power

   Spells                             Type                      Level
   Iskenderun's Mystic Blast          Conjuration                  4
   Venom Bolt                         Conjuration/Poison           5
   Bolt of Magma                      Conjuration/Fire/Earth       5
   Fulminant Prism                    Conjuration/Hexes            5
   Iron Shot                          Conjuration/Earth            6
   *Orb of Destruction                Conjuration                  7
 P - a book of Power

   Spells                             Type                      Level
   Iskenderun's Mystic Blast          Conjuration                  4
   Venom Bolt                         Conjuration/Poison           5
   Bolt of Magma                      Conjuration/Fire/Earth       5
   Fulminant Prism                    Conjuration/Hexes            5
   Iron Shot                          Conjuration/Earth            6
   *Orb of Destruction                Conjuration                  7
 R - a book of Minor Magic

   Spells                             Type                      Level
   Magic Dart                         Conjuration                  1
   *Blink                             Translocation                2
   Call Imp                           Summoning                    2
   *Repel Missiles                    Charms/Air                   2
   Slow                               Hexes                        2
   *Conjure Flame                     Conjuration/Fire             3
   Mephitic Cloud                     Conjuration/Poison/Air       3
 T - a book of the Warp

   Spells                             Type                      Level
   Recall                             Summoning/Translocation      3
   Control Teleport                   Charms/Translocation         4
   Phase Shift                        Translocation                5
   Warp Weapon                        Charms/Translocation         5
   Dispersal                          Translocation                6
   Controlled Blink                   Translocation                7
   Disjunction                        Translocation                8
Magical staves
 o - an uncursed staff of conjuration
 u - an uncursed staff of energy (weapon)
 A - an uncursed staff of air
Miscellaneous
 m - a fan of gales (inert)
 y - a fan of gales (inert)
 z - an ornate deck of changes {Dowsing}
 O - a lamp of fire
Rods
 H - a +4 rod of the swarm (13/13)
   (You took it off a deep elf summoner on level 3 of the Elven Halls)


   Skills:
 - Level 5.0 Fighting
 - Level 0.1 Armour
 - Level 1.6 Dodging
 - Level 2.4 Stealth
 - Level 3.5 Shields
 + Level 14.2 Spellcasting
 * Level 17.9 Conjurations
 - Level 4.1 Translocations
 * Level 18.2 Fire Magic
 - Level 3.6 Air Magic
 - Level 10.0 Evocations


You had 7 spell levels left.
You knew the following spells:

 Your Spells              Type           Power        Failure   Level  Hunger
a - Poisonous Cloud       Conj/Pois/Air  #####.....   12%         6    None
b - Conjure Flame         Conj/Fire      #######.     0%          3    None
c - Sticky Flame          Conj/Fire      #######.     1%          4    None
d - Fireball              Conj/Fire      #######...   1%          5    None
e - Orb of Destruction    Conj           ######....   1%          7    None
f - Blink                 Tloc           N/A          1%          2    None
g - Repel Missiles        Chrm/Air       ###.......   3%          2    None
h - Bolt of Fire          Conj/Fire      #######...   1%          6    None
i - Delayed Fireball      Conj/Fire      N/A          1%          7    None
j - Apportation           Tloc           ####......   1%          1    None


Dungeon Overview and Level Annotations

Branches:
Dungeon (16/16)            Temple (1/1) D:5             Orc (4/4) D:9
    Elf (3/3) Orc:4          Lair (8/8) D:8          Shoals (0/5) Lair:6
 Vaults (0/5) D:14         Depths (4/6) D:16
  Swamp: Lair:3-6     Snake: Lair:3-6    Spider: Lair:3-6     Slime: Lair:6-8

Altars:
Ashenzari
Cheibriados
Dithmengos
Elyvilon
Fedhas
Kikubaaqudgha
Makhleb
Nemelex Xobeh
Okawaru
Sif Muna
Trog
Vehumet
Xom
Yredelemnul
Zin
The Shining One
Beogh

Shops:
D:6 [   D:12 *   Orc:1 *   Orc:2 *   Orc:4 *(/%(   Depths:2 [(:/

Portals:
Ziggurat: Depths:4
Trove: D:16 (give 5 potions of speed)

Annotations:
D:15 Azrael
Orc:1 CBOE
Lair:5 wojtek's ghost, powerful KoAs
Depths:1 Mennas


Innate Abilities, Weirdness & Mutations

You have razor-sharp teeth.
You regenerate.
When hurt, damage is shared between your health and your magic reserves.
Your bite disrupts and absorbs the magic of your enemies.
Potions and wands cannot restore your HP.
You are clumsy. (Dex -2)
You are frail (-10% HP).
You can spit poison.


Message History

Press: ? - help, Dir - move target cursor, f - air elemental
Aim: an air elemental (friendly, summoned)
Okay, then.
Unknown command.
Read which item? (? for menu, Esc to quit)
As you read the scroll of teleportation, it crumbles to dust.
You feel strangely unstable.
You are feeling hungry.
Your air elemental hits the shadow dragon but does no damage.
The spriggan defender hits your air elemental with a cutlass of freezing!
The spriggan defender freezes your air elemental.
Your air elemental misses the spriggan defender.
The golden dragon bites your air elemental!
The golden dragon claws your air elemental but does no damage.
The golden dragon tramples your air elemental.
Your air elemental holds its ground!
The stone giant throws a large rock.
The large rock crashes through your air elemental.
Your air elemental is destroyed!
The large rock crashes through you!
You die...

#....)...(###.##
#####.#####.# #.#
#...#...Cc#.# #<#
#.#+#.###.#.# #.####
#.#.###E#.#.# #.....
.##.##$DD##C#.# ###...
#..#..#EiC#..#.# #.##
#.##?%[##.#.# #>#
.#@###.#.#.# #.#
###.###.#.# #.# .c..
.#.#####.## ####
#######.#....... #..# #..#
#..#.###.## #..# ##.#
#..#.# #.# #######..# #.#
#..#.###.##
#........####.###..#.#....%
#.###......>...........#.##


You could see a shadow dragon, a golden dragon, a stone giant, a spriggan
defender and 2 friendly air elementals.

Vanquished Creatures
  A golden dragon (Depths:2)
  2 deep elf blademasters (Elf:3)
  2 deep elf master archers (Elf:3)
  3 daevas (Depths:1)
  Maud (D:15)
  4 deep elf sorcerers (Elf:3)
  4 frost giants (Depths:2)
  An angel (Depths:1)
  A balrug (Depths:1)
  7 deep elf demonologists (Elf:3)
  6 stone giants
  6 deep elf annihilators (Elf:3)
  A vampire knight (Depths:3)
  5 ettins
  2 vault guards (D:14)
  Snorg (Lair:3)
  6 deep elf death magi (Elf:3)
  The ghost of Deemzul the Cleaver, a powerful VSFi of Okawaru (D:14)
  A fire dragon (Depths:3)
  2 deep elf high priests (Elf:3)
  2 ice dragons
  A yaktaur captain (Depths:1)
  Fannar (Lair:2)
  A great orb of eyes (Depths:2)
  13 hydras
  Josephine (D:13)
  Nessos (Elf:2)
  A deep troll earth mage (Depths:2)
  A spriggan berserker (Depths:2)
  5 very ugly things
  3 tengu warriors
  7 ogre magi
  A naga warrior (Depths:2)
  3 centaur warriors
  4 rakshasas
  2 orc high priests
  2 spectral elves (Elf:3)
  3 death yaks (Lair:8)
  Nergalle (D:15)
  An iron troll (Depths:2)
  A catoblepas (Lair:7)
  12 deep elf knights
  A deep troll (Orc:4)
  2 cherubim (Depths:1)
  A wizard (D:14)
  A shock serpent (shapeshifter) (Depths:2)
  An orc knight (D:16)
  A flayed ghost (Depths:1)
  An ice statue (Elf:1)
  8 hill giants
  A giant orange brain (D:16)
  5 griffons
  A giant amoeba (D:16)
  2 necromancers (D:14)
  A red wasp (shapeshifter) (Depths:1)
  4 deep elf conjurers
  An elephant (D:8)
  An orc sorcerer (Orc:4)
  6 cyclopes
  2 phantasmal warriors (Depths:3)
  2 small abominations (Elf:3)
  A black mamba (Lair:5)
  2 spriggan druids (Lair:8)
  9 deep elf summoners
  A feature mimic (Lair:1)
  9 spiny frogs
  16 yaktaurs
  2 fire drakes
  7 giant fireflies (Lair:8)
  Grinder (D:6)
  3 tengu conjurers
  4 deep elf priests (Elf:3)
  A catoblepas zombie (D:16)
  A red devil (Depths:1)
  4 komodo dragons
  11 spriggans (Lair:8)
  A polar bear (Lair:4)
  Sonja (D:12)
  23 blink frogs
  A hydra skeleton (D:15)
  8 trolls
  A wind drake (shapeshifter) (D:16)
  21 slime creatures
  19 two-headed ogres
  7 ravens
  2 shadows (D:14)
  A baby alligator (shapeshifter) (Depths:3)
  A wraith (D:14)
  2 basilisks
  A brown ooze (shapeshifter) (D:16)
  An elf zombie (D:13)
  A redback (shapeshifter) (Depths:1)
  A shark (D:9)
  3 grizzly bears (Lair:8)
  19 humans (D:14)
  A trapdoor spider (shapeshifter) (D:16)
  3 redbacks
  17 deep elf magi
  2 dire elephant simulacra (IceCv)
  35 yaks
  3 elephant slugs
  A vampire (Depths:2)
  12 deep elf fighters
  A tarantella (Elf:3)
  12 hippogriffs
  4 wyverns
  A steam dragon (D:10)
  21 ugly things
  24 wolves
  5 vampire mosquitoes
  A hill giant skeleton (D:13)
  A mottled dragon (D:16)
  An ogre zombie (D:15)
  2 necrophages (D:10)
  An ogre skeleton (D:16)
  2 phantoms
  5 porcupines
  A yellow wasp (D:8)
  4 black bears
  45 ogres
  18 orc warriors
  20 ice beasts
  A spriggan simulacrum (IceCv)
  A giant goldfish (D:9)
  An orc zombie (D:13)
  An alligator simulacrum (IceCv)
  A boring beetle (Lair:3)
  11 centaurs
  2 big kobolds
  4 wargs
  2 manticore zombies
  4 giant slugs
  9 giant frogs
  7 water moccasins
  Blork the orc (D:6)
  4 agate snails
  6 crocodiles
  A hippogriff zombie (D:8)
  A blink frog simulacrum (D:13)
  A boulder beetle zombie (D:16)
  9 killer bees
  9 wights
  2 electric eels (D:9)
  A giant frog zombie (D:9)
  2 crimson imps
  5 human zombies (D:14)
  3 goliath beetles
  20 orc priests
  3 big fish (D:9)
  8 hounds
  A jelly (D:9)
  22 orc wizards
  A giant frog skeleton (D:13)
  2 scorpions
  5 iguanas
  9 worker ants
  5 orange rats
  A cyclops simulacrum (D:13)
  23 sheep
  A mottled dragon skeleton (D:12)
  41 green rats
  12 adders
  A giant mite (D:11)
  A naga simulacrum (IceCv)
  7 worms
  2 ufetubi (IceCv)
  An adder skeleton (D:6)
  An adder zombie (D:5)
  An iguana skeleton (D:4)
  An iguana zombie (D:10)
  A giant eyeball (D:9)
  4 giant geckos
  112 orcs
  8 bats
  A bat zombie (D:7)
  4 giant cockroaches
  9 hobgoblins
  8 jackals
  4 quokkas
  A giant cockroach zombie (D:6)
  2 giant gecko skeletons (D:4)
  A giant newt (D:5)
  3 giant spores
  7 goblins
  2 hobgoblin skeletons
  3 illusory rakshasas (D:16)
  16 kobolds
  A kobold skeleton (D:4)
  2 kobold zombies
  12 rats
  3 ballistomycetes
  A bush (Lair:6)
  2 crawling corpses (Elf:3)
  3 fungi
1063 creatures vanquished.

Vanquished Creatures (collateral kills)
  A deep elf priest (Elf:3)
  A deep elf fighter (Elf:3)
2 creatures vanquished.

Vanquished Creatures (others)
  An air elemental (Depths:3)
  2 yaktaurs (D:16)
  2 merfolk (Depths:2)
  A two-headed ogre (D:10)
  6 water elementals (Depths:2)
  A yellow wasp (Elf:3)
  2 centaurs (D:10)
  A worker ant zombie (D:10)
  An adder (D:10)
  2 white imps (IceCv)
  A worm (D:10)
  An ufetubus (IceCv)
  An orc (D:10)
  A rat (D:10)
  A ballistomycete (D:9)
  2 fungi (Lair:7)
  3 plants
29 creatures vanquished.

Grand Total: 1094 creatures vanquished

Notes
Turn   | Place    | Note
--------------------------------------------------------------
     0 | D:1      | 4tharraofdagon, the Vine Stalker Fire Elementalist, began the quest for the Orb.
     0 | D:1      | Reached XP level 1. HP: 9/9 MP: 3/3
   273 | D:4      | Reached XP level 2. HP: 13/13 MP: 5/5
   299 | D:4      | Noticed a hound
   307 | D:4      | Killed a hound
   307 | D:4      | Reached XP level 3. HP: 2/16 MP: 0/7
   321 | D:5      | Entered Level 5 of the Dungeon
   345 | D:5      | Noticed an ogre
   347 | D:5      | Gained mutation: You can spit poison. [potion of mutation]
   352 | D:5      | Learned a level 3 spell: Conjure Flame
   471 | D:5      | Killed an ogre
   471 | D:5      | Reached skill level 4 in Fire Magic
   471 | D:5      | Reached XP level 4. HP: 21/21 MP: 0/10
   471 | D:5      | Reached XP level 5. HP: 24/24 MP: 0/13
   504 | D:5      | Learned a level 4 spell: Sticky Flame
   594 | D:5      | Noticed a phantom
   718 | D:7      | Gained mutation: You heal very quickly. [vine stalker growth]
   718 | D:7      | Reached XP level 6. HP: 28/28 MP: 0/15
   927 | D:7      | Reached skill level 5 in Fire Magic
   956 | D:6      | Reached skill level 1 in Evocations
  1076 | D:6      | Noticed Grinder
  1083 | D:6      | Killed Grinder
  1083 | D:6      | Reached skill level 1 in Fighting
  1083 | D:6      | Reached XP level 7. HP: 30/33 MP: 14/17
  1093 | D:6      | Noticed Blork the orc
  1101 | D:6      | Killed Blork the orc
  1320 | D:4      | Noticed a worker ant
  1410 | D:4      | Got a steaming golden ring
  1443 | D:4      | Killed a worker ant
  1539 | D:5      | Reached skill level 6 in Fire Magic
  1562 | D:5      | Noticed a water moccasin
  1572 | D:5      | Killed a water moccasin
  1572 | D:5      | Reached skill level 5 in Conjurations
  1572 | D:5      | Gained mutation: You have razor-sharp teeth. [vine stalker growth]
  1572 | D:5      | Reached XP level 8. HP: 37/37 MP: 2/19
  1605 | D:5      | Found a staircase to the Ecumenical Temple.
  1624 | Temple   | Entered the Ecumenical Temple
  1678 | Temple   | Became a worshipper of Vehumet
  1748 | D:5      | Killed a phantom
  1781 | D:6      | Learned a level 5 spell: Fireball
  1808 | D:6      | Reached skill level 1 in Shields
  1811 | D:6      | Found Qyboethy's Antique Armour Emporium.
  1821 | D:6      | Noticed an ogre
  1845 | D:6      | Killed an ogre
  1899 | D:6      | Noticed an orc warrior
  1903 | D:6      | an orc warrior changed into a worm
  2125 | D:7      | Noticed a centaur
  2134 | D:7      | Killed a centaur
  2160 | D:7      | Noticed an ogre
  2167 | D:7      | Killed an ogre
  2186 | D:7      | Found a sparkling altar of Nemelex Xobeh.
  2261 | D:8      | Noticed an elephant
  2281 | D:8      | Acquired Vehumet's first power
  2281 | D:8      | Offered knowledge of Sandblast by Vehumet.
  2281 | D:8      | Reached skill level 7 in Fire Magic
  2281 | D:8      | Reached XP level 9. HP: 13/43 MP: 1/21
  2348 | D:8      | #1
  2370 | D:8      | Killed an elephant
  2385 | D:8      | Found a staircase to the Lair.
  2476 | D:8      | Found a white marble altar of Elyvilon.
  2492 | D:8      | Identified the ring of Bishoar {Hunger Int+3} (You found it on level 4 of the Dungeon)
  2547 | D:8      | Reached skill level 5 in Spellcasting
  2582 | D:8      | Found a glowing golden altar of the Shining One.
  2668 | Lair:1   | Entered Level 1 of the Lair of Beasts
  2698 | Lair:1   | Reached skill level 8 in Fire Magic
  2712 | Lair:1   | Reached XP level 10. HP: 49/49 MP: 13/24
  2721 | Lair:1   | Offered knowledge of Shock by Vehumet.
  2723 | Lair:1   | #2
  2755 | Lair:1   | Got a dazzling morningstar
  2763 | Lair:1   | Found a frozen archway.
  2774 | Lair:1   | Reached skill level 5 in Evocations
  2790 | Lair:1   | the frozen archway was a mimic.
  3126 | Lair:2   | Reached skill level 9 in Fire Magic
  3319 | Lair:2   | Noticed Fannar
  3331 | Lair:2   | Killed Fannar
  3331 | Lair:2   | Reached XP level 11. HP: 48/54 MP: 3/26
  3410 | Lair:3   | Offered knowledge of Static Discharge by Vehumet.
  3479 | Lair:3   | Acquired Vehumet's second power
  3486 | Lair:3   | #3
  3636 | Lair:3   | Reached skill level 10 in Fire Magic
  3648 | Lair:3   | Noticed Snorg
  3684 | Lair:3   | Killed Snorg
  3695 | Lair:3   | Offered knowledge of Iskenderun's Battlesphere by Vehumet.
  3696 | Lair:3   | Reached skill level 5 in Fighting
  3702 | Lair:3   | Learned a level 4 spell: Iskenderun's Battlesphere
  3702 | Lair:3   | #4
  3731 | Lair:3   | Learned a level 2 spell: Blink
  3734 | Lair:3   | Learned a level 2 spell: Repel Missiles
  4223 | Lair:4   | Noticed a six-headed hydra
  4243 | Lair:4   | Killed a six-headed hydra
  4243 | Lair:4   | Reached skill level 10 in Conjurations
  4259 | Lair:4   | Acquired Vehumet's third power
  4319 | Lair:4   | Offered knowledge of Olgreb's Toxic Radiance by Vehumet.
  4320 | Lair:4   | #5
  4320 | Lair:4   | Gained mutation: You regenerate. [vine stalker growth]
  4320 | Lair:4   | Reached XP level 12. HP: 57/60 MP: 14/28
  4442 | Lair:5   | Noticed wojtek's ghost (powerful KoAs)
  4469 | Lair:4   | Reached skill level 11 in Fire Magic
  4737 | Lair:6   | Found a staircase to the Shoals.
  4926 | Lair:6   | Offered knowledge of Conjure Ball Lightning by Vehumet.
  4927 | Lair:6   | #6
  4928 | Lair:6   | Noticed a four-headed hydra
  4980 | Lair:6   | Killed a four-headed hydra
  5035 | Lair:6   | Identified the +7,+4 morningstar "Shruyxozu" {flame, MR++ Dex+4} (You found it on level 1 of the Lair of Beasts)
  5295 | Lair:7   | Reached skill level 12 in Fire Magic
  5451 | Lair:8   | Entered Level 8 of the Lair of Beasts
  5453 | Lair:8   | Reached XP level 13. HP: 63/63 MP: 20/30
  5682 | Lair:8   | Noticed a death yak
  5684 | Lair:8   | Noticed a death yak
  5691 | Lair:8   | Noticed a death yak
  5691 | Lair:8   | Killed a death yak
  5694 | Lair:8   | Killed a death yak
  5699 | Lair:8   | Killed a death yak
  5813 | Lair:8   | Noticed a spriggan rider
  5821 | Lair:8   | Noticed a spriggan rider
  5825 | Lair:8   | Killed a giant firefly
  5827 | Lair:8   | Killed a spriggan
  5832 | Lair:8   | Offered knowledge of Bolt of Fire by Vehumet.
  5834 | Lair:8   | Killed a spriggan
  5838 | Lair:8   | Killed a giant firefly
  5998 | Lair:8   | Reached skill level 13 in Fire Magic
  6457 | Lair:3   | Learned a level 6 spell: Bolt of Fire
  6574 | D:9      | Paralysed by a potion of paralysis for 2 turns
  6579 | D:9      | Gained mutation: Your muscles are strong. (Str +2) [potion of beneficial mutation]
  6589 | D:9      | Found a burning altar of Makhleb.
  6614 | D:9      | Found a staircase to the Orcish Mines.
  6632 | D:9      | Found a roughly hewn altar of Beogh.
  6873 | D:10     | Entered Level 10 of the Dungeon
  6941 | D:10     | Reached XP level 14. HP: 68/68 MP: 29/32
  6984 | D:11     | Offered knowledge of Delayed Fireball by Vehumet.
  6989 | D:11     | #8
  7006 | D:11     | Learned a level 7 spell: Delayed Fireball
  7254 | D:12     | Noticed Sonja
  7255 | D:12     | Killed Sonja
  7288 | D:12     | Found Itaptisa's Assorted Antiques.
  7297 | D:12     | Bought a scroll of teleportation for 72 gold pieces
  7677 | D:14     | Noticed Deemzul's ghost (powerful VSFi)
  7684 | D:14     | Killed Deemzul's ghost
  7743 | D:14     | Reached skill level 10 in Spellcasting
  7768 | D:14     | Reached skill level 14 in Fire Magic
  7802 | D:14     | Reached skill level 10 in Evocations
  7994 | D:14     | Found a gate to the Vaults.
  8065 | D:14     | Offered knowledge of Poison Arrow by Vehumet.
  8070 | D:14     | #9
  8227 | D:14     | Found a shadowy altar of Dithmengos.
  8282 | D:15     | Entered Level 15 of the Dungeon
  8282 | D:15     | Noticed Nergalle
  8285 | D:15     | Killed Nergalle
  8286 | D:15     | Noticed Maud
  8305 | D:15     | Killed Maud
  8376 | D:15     | Noticed Azrael
  8449 | D:15     | Learned a level 6 spell: Poison Arrow
  8600 | D:13     | Noticed Josephine
  8603 | D:13     | Killed Josephine
  8801 | D:10     | Reached XP level 15. HP: 72/72 MP: 17/35
  8879 | D:10     | Got a twisted trident
  8890 | D:10     | Found a shimmering altar of Xom.
  8981 | Orc:1    | Entered Level 1 of the Orcish Mines
  9148 | Orc:2    | Offered knowledge of Poisonous Cloud by Vehumet.
  9180 | Orc:1    | #10
  9191 | Orc:1    | Learned a level 6 spell: Poisonous Cloud
  9284 | Orc:2    | Found Maekla Caym's General Store.
  9298 | Orc:2    | Bought a scroll of noise for 14 gold pieces
  9388 | Orc:1    | Found Qefeppi's General Store.
  9499 | Orc:1    | Reached skill level 1 in Translocations
  9711 | Orc:4    | Entered Level 4 of the Orcish Mines
  9844 | Orc:4    | Reached skill level 1 in Air Magic
  9928 | Orc:4    | Found a staircase to the Elven Halls.
  9991 | Orc:3    | Found a roughly hewn altar of Beogh.
 10269 | Orc:4    | Found Ilunim's Antique Weapon Shop.
 10343 | Orc:4    | Offered knowledge of Orb of Destruction by Vehumet.
 10344 | Orc:4    | #11
 10404 | Orc:4    | Found Xeamnah's Food Shoppe.
 10405 | Orc:4    | Found Paem's Weapon Shop.
 10405 | Orc:4    | Found Schiaf's Magical Wand Shop.
 10405 | Orc:4    | Found Nimaemoh's General Store.
 10414 | Orc:4    | Bought a potion of degeneration for 24 gold pieces
 10463 | Orc:4    | Learned a level 7 spell: Orb of Destruction
 10505 | Elf:1    | Entered Level 1 of the Elven Halls
 10731 | Elf:1    | Found a frozen archway.
 10747 | IceCv    | Entered an ice cave
 10930 | Elf:2    | Noticed Nessos
 10932 | Elf:2    | Killed Nessos
 11143 | Elf:3    | Entered Level 3 of the Elven Halls
 11314 | Elf:3    | Reached skill level 15 in Fire Magic
 11384 | Elf:3    | Offered knowledge of Iron Shot by Vehumet.
 11603 | Elf:3    | Reached XP level 16. HP: 76/76 MP: 12/36
 11657 | Elf:3    | Reached skill level 15 in Conjurations
 11703 | Elf:3    | Lost mutation: Your muscles are strong. (Str +2) [mutagenic glow]
 11828 | Elf:3    | Noticed a deep elf sorcerer
 11835 | Elf:3    | Killed a deep elf sorcerer
 12022 | Elf:3    | Noticed a deep elf sorcerer
 12022 | Elf:3    | Noticed a deep elf blademaster
 12022 | Elf:3    | Noticed a deep elf sorcerer
 12024 | Elf:3    | Killed a deep elf sorcerer
 12026 | Elf:3    | Killed a deep elf sorcerer
 12086 | Elf:3    | Noticed a deep elf master archer
 12090 | Elf:3    | Killed a deep elf master archer
 12212 | Elf:3    | Noticed a deep elf blademaster
 12216 | Elf:3    | Killed a deep elf blademaster
 12216 | Elf:3    | Reached skill level 16 in Fire Magic
 12223 | Elf:3    | Noticed a deep elf master archer
 12226 | Elf:3    | Killed a deep elf master archer
 12254 | Elf:3    | #12
 12276 | Elf:3    | Noticed a deep elf sorcerer
 12277 | Elf:3    | Killed a deep elf sorcerer
 12335 | Elf:3    | Learned a level 1 spell: Apportation
 12383 | Elf:3    | Killed a deep elf blademaster
 12441 | Elf:3    | Identified a +4 rod of the swarm (13/13) (You took it off a deep elf summoner on level 3 of the Elven Halls)
 12466 | Elf:3    | Gained mutation: You are frail (-10% HP). [potion of mutation]
 12476 | Elf:3    | Identified the Disquisition on Lightness
 13017 | D:6      | Bought a thick robe for 182 gold pieces
 13024 | D:6      | Identified the +1 robe of Fruuf {rF+ rC+ Str-4 Dex+1} (You bought it in a shop on level 6 of the Dungeon)
 13365 | D:16     | Entered Level 16 of the Dungeon
 13405 | D:16     | Offered knowledge of Lehudib's Crystal Spear by Vehumet.
 13405 | D:16     | Offered knowledge of Chain Lightning by Vehumet.
 13405 | D:16     | Offered knowledge of Tornado by Vehumet.
 13677 | D:16     | Reached XP level 17. HP: 72/72 MP: 26/37
 13691 | D:16     | Found a portal to a secret trove of treasure.
 13937 | D:16     | Found a staircase to the Depths.
 13953 | Depths:1 | Entered Level 1 of the Depths
 14142 | Depths:1 | Reached skill level 17 in Fire Magic
 14559 | Depths:1 | Found a glowing silver altar of Zin.
 14559 | Depths:1 | Noticed Mennas
 14645 | Depths:2 | Found Zoitiwya's Antique Armour Shop.
 14840 | Depths:2 | Noticed a golden dragon
 14849 | Depths:2 | Killed a golden dragon
 14932 | Depths:2 | Got a smoking shield
 14941 | Depths:2 | Identified the +3 shield of Reason {+Rage rN+} (You found it on level 2 of the Depths)
 15061 | Depths:2 | Reached XP level 18. HP: 75/75 MP: 4/38
 15502 | Depths:2 | Found Xostea Xian's Antique Weapon Emporium.
 15522 | Depths:2 | Found Cloegec's Magical Wand Emporium.
 15523 | Depths:2 | Found Quxto's Book Shoppe.
 15540 | Depths:2 | :(
 15596 | Depths:3 | Reached skill level 18 in Fire Magic
 15726 | Depths:4 | Found a gateway to a ziggurat.
 15924 | Depths:3 | Gained mutation: You are clumsy. (Dex -2) [mutagenic meat]
 16095 | Depths:3 | Noticed a golden dragon
 16106 | Depths:3 | HP: 2/75 [spriggan defender/cutlass of freezing (11)]
 16109 | Depths:3 | Hit by a large rock thrown by a stone giant

Action                   |  1- 3 |  4- 6 |  7- 9 | 10-12 | 13-15 | 16-18 || total
-------------------------+-------+-------+-------+-------+-------+-------++-------
Melee: Hand axe          |    25 |    34 |       |       |       |       ||    59
       Staff             |       |    11 |    33 |    20 |    61 |    17 ||   142
       Morningstar       |       |       |       |       |     3 |       ||     3
 Cast: Flame Tongue      |    14 |    31 |    78 |    24 |    14 |       ||   161
       Conjure Flame     |     1 |     5 |    17 |    50 |    45 |     5 ||   123
       Sticky Flame      |       |     4 |    30 |    64 |   106 |    34 ||   238
       Fireball          |       |       |     2 |    91 |   180 |   116 ||   389
       Bolt of Fire      |       |       |       |       |   132 |   145 ||   277
       Repel Missiles    |       |       |       |       |    27 |    80 ||   107
       Delayed Fireball  |       |       |       |       |     9 |    18 ||    27
       Iskenderun's Batt |       |       |       |       |     2 |       ||     2
       Poisonous Cloud   |       |       |       |       |     5 |    17 ||    22
       Blink             |       |       |       |       |     2 |     1 ||     3
       Orb of Destructio |       |       |       |       |       |    30 ||    30
 Abil: Spit Poison       |     3 |     5 |    34 |    17 |    23 |       ||    82
       Release Delayed F |       |       |       |       |     8 |    18 ||    26
       Evoke Teleportati |       |       |       |       |       |     2 ||     2
Evoke: Wand              |       |     1 |     3 |     2 |     2 |     5 ||    13
       Staff of energy   |       |     6 |    56 |   193 |   420 |   589 ||  1264
       Fan of gales      |       |       |       |       |       |     3 ||     3
       Rod               |       |       |       |       |       |     1 ||     1
       Lamp of fire      |       |       |       |       |       |     1 ||     1
  Use: Potion            |     2 |     2 |       |     1 |     4 |     4 ||    13
       Scroll            |       |       |    12 |     5 |    19 |    11 ||    47
 Stab: Sleeping          |       |     2 |       |     1 |       |       ||     3
